General information
- name: Local Game (PIESOFTHENORTH)
- type: Custom game
- host: PIESOFTHENORTH
- saver: PIESOFTHENORTH
map: TerenasStand
- players: 2
- length: 05:24
- speed: Fast
- version: 1.26 W3XP
- replay type: Public
» download(26 KB)
Players
team 1 (loser)

»
PIESOFTHENORTH (
red | 55 APM | 296 actions | 05:24)
1 Blademaster
1 Wind Walk
» actions
| Assign group hotkey | 8 | |
| Build / train | 16 | |
| Enter build submenu | 8 | |
| Enter hero's abilities submenu | 1 | |
| Right click | 103 | |
| Select / deselect | 86 | |
| Select group hotkey | 61 | |
| Use ability | 13 | |
296 total
» units
» buildings
| Altar of Storms | 1 | |
| Barracks | 1 | |
| Orc Burrow | 4 | |
| Voodoo Lounge | 1 | |
| Stronghold | 1 | |
| War Mill | 1 | |
9 total
» build order
00:04 Altar of Storms
00:07 Barracks
00:09 Orc Burrow
01:36 Orc Burrow
04:05 Voodoo Lounge
04:07 Stronghold
04:40 Orc Burrow
04:41 Orc Burrow
04:43 War Mill
» items
team 2 (winner)
Mystic_Truhan (
blue | 29 APM | 159 actions | 05:24)
1 Death Knight
1 Death Coil
» actions
| Build / train | 14 | |
| Enter build submenu | 6 | |
| Enter hero's abilities submenu | 1 | |
| Remove unit from queue | 1 | |
| Right click | 78 | |
| Select / deselect | 46 | |
| Use ability | 13 | |
159 total
» units
| Acolyte | 7 | |
| Ghoul | 2 | |
| Crypt Fiend | 2 | |
11 total
» buildings
| Altar of Darkness | 1 | |
| Ziggurat | 3 | |
| Crypt | 1 | |
| Graveyard | 1 | |
6 total
» build order
00:28 Altar of Darkness
00:34 Ziggurat
00:40 Crypt
01:05 Graveyard
01:21 Ziggurat
04:47 Ziggurat
Chat log
(00:16 / All) Mystic_Truhan: I've never won a video game in my life
(00:27 / All) PIESOFTHENORTH: i'm pretty bad though
(00:40 / All) PIESOFTHENORTH: the only one from the forums I ever beat
(00:43 / All) PIESOFTHENORTH: is dj orwell
(00:51 / All) Mystic_Truhan: lawl what an losar
(01:13 / All) PIESOFTHENORTH: In fact
(01:21 / All) PIESOFTHENORTH: all of my "wins" this tourney are because my opponent dropped out
(01:28 / All) Mystic_Truhan: sameeeeeeeeeeee
(02:07 / All) PIESOFTHENORTH: earlier i obsed ghetto beating miles though lol
(02:25 / All) PIESOFTHENORTH: Probably the most watched matches of this whole tourney
(02:28 / All) PIESOFTHENORTH: so far anyway
(02:44 / All) Mystic_Truhan: rofl
(02:46 / All) PIESOFTHENORTH: yeah, i'm a douche
(02:50 / All) PIESOFTHENORTH: I don't know how to play orc
(02:59 / All) PIESOFTHENORTH: So i do this to make up for it
(04:54 / All) Mystic_Truhan: it's gg
(04:57 / All) PIESOFTHENORTH: is it?
(05:00 / All) Mystic_Truhan: ye
(05:03 / All) PIESOFTHENORTH: ok
(05:04 / All) PIESOFTHENORTH: gg
(05:05 / All) Mystic_Truhan: you decimated my econ
(05:09 / All) PIESOFTHENORTH: sry :P
(05:10 / All) PIESOFTHENORTH: What map
(05:12 / All) PIESOFTHENORTH: You want nexT?
(05:20 / All) Mystic_Truhan: I don't know any of teh maps
(05:22 / All) PIESOFTHENORTH: ok